 Dungeon Crawl Stone Soup version 0.24-a0-434-gd57e52fea8 (webtiles) character file.

Game seed: 18306283790180652091

129 mhoghedin the Magician (level 4, -1/24 HPs)
             Began as a Deep Elf Wizard on June 16, 2019.
             Was an Initiate of Sif Muna.
             Slain by an ogre
             ... wielding a +0 giant club
              (25 damage)
             ... on level 4 of the Dungeon.
             The game lasted 00:05:09 (2483 turns).

mhoghedin the Magician (Deep Elf Wizard)            Turns: 2483, Time: 00:05:09

Health: -1/24      AC:  2    Str:  4    XL:     4   Next: 88%
Magic:  7/15       EV: 13    Int: 30    God:    Sif Muna [......]
Gold:   122        SH:  0    Dex: 13    Spells: 4/17 levels left

rFire    . . .     SeeInvis .   f - +0 hand axe
rCold    . . .     Gourm    .   (no shield)
rNeg     . . .     Faith    .   a - +0 robe
rPois    .         Spirit   .   b - +0 hat
rElec    .         Reflect  .   (no cloak)
rCorr    .         Harm     .   (no gloves)
MR       .....     Rnd*Tele +   (no boots)
Stlth    ++........             (no amulet)
HPRegen  0.08/turn              c - ring of teleportation (curse) {+/*tele, !d}
MPRegen  0.14/turn              o - +6 ring of intelligence

@: no status effects
A: no striking features
a: Renounce Religion


You were on level 4 of the Dungeon.
You worshipped Sif Muna.
Sif Muna was noncommittal.
You were not hungry.

You visited 1 branch of the dungeon, and saw 4 of its levels.

You collected 122 gold pieces.

Inventory:

Hand Weapons
 f - a +0 hand axe (weapon)
   (You found it on level 1 of the Dungeon)
Armour
 a - a +0 robe (worn)
 b - a +0 hat (worn)
Jewellery
 c - a cursed ring of teleportation (left hand) {+/*tele, !d}
   (You found it on level 1 of the Dungeon)
 o - a +6 ring of intelligence (right hand)
   (You found it on level 3 of the Dungeon)
Scrolls
 e - a scroll of blinking {unknown}
 g - a scroll of teleportation {unknown}
 i - a scroll of magic mapping {unknown}
 l - 2 scrolls of remove curse
 n - a scroll of fear {unknown}
Potions
 h - a potion of resistance {unknown}
 j - a potion of heal wounds
 m - a potion of brilliance
 p - a potion of agility
 q - 3 potions of curing {unknown}
Comestibles
 d - 6 rations


   Skills:
 - Level 2.4 Dodging
 - Level 2.4 Stealth
 - Level 7.3 Spellcasting
 + Level 2.2 Conjurations
 - Level 1.1 Summonings
 - Level 1.1 Translocations


You had 4 spell levels left.
You knew the following spells:

 Your Spells              Type           Power        Failure   Level  Hunger
a - Magic Dart            Conj           ###.         1%          1    None
b - Blink                 Tloc           N/A          4%          2    None
c - Call Imp              Summ           ###.....     4%          2    None
d - Conjure Flame         Conj/Fire      ###.....     9%          3    None
s - Slow                  Hex            ##......     7%          2    None
x - Mephitic Cloud        Conj/Pois/Air  ###.....     11%         3    None

Your spell library contained the following spells:

 Spells                   Type           Power        Failure   Level  Hunger


Dungeon Overview and Level Annotations

Branches:
Dungeon (4/15)
 Temple: D:4-7

Altars:
Kikubaaqudgha
Makhleb
Okawaru
Sif Muna
Trog

Annotations:
D:2 Sigmund
D:3 3 runed translucent doors, 2 transporters, Amnesiac's ghost, weakling MfSk; Azzok's ghost, amateur FoFi; Goblin1989's ghost, amateur GnWn


Message History

You kill the adder!
Sif Muna accepts your kill.
Your Conjurations skill increases to level 2!
You now have 11/15 mp.
You can't see any susceptible monsters within range! (Use Z to cast anyway.)
You can't see any susceptible monsters within range! (Use Z to cast anyway.)
The two-headed ogre shouts in stereo!
The crimson imp shouts!
The crimson imp summons a swarm of flies.
The crimson imp laughs crazily.
There is a transporter here.
There is a transporter here.
The crimson imp shouts, "Leave, thou rank onion-eyed jarkman!"
You see here a short sword.
The crimson imp sputters.
You see here 2 stones.
You see here a ring mail.
l - 2 scrolls labeled RAXTURRUME (gained 1)
You see here a jackal corpse.
You now have 113 gold pieces (gained 3).
There is a stone staircase leading up here.
There is a stone staircase leading up here.
You see here 17 stones.
k - a scroll of identify You see here 17 stones.
You see here a jackal skeleton.
Amnesiac's ghost turns its malevolent gaze towards you.
Goblin1989's ghost turns its malevolent gaze towards you.
The jackal is too close now for your liking.
A jackal is nearby!
MP restored: 15
Aim: a jackal (hasn't noticed you)
The magic dart hits the jackal.
The jackal barks!
You now have 14/15 mp.
Aim: a jackal (severely wounded)
The magic dart hits the jackal.
You kill the jackal!
Sif Muna accepts your kill.
You now have 13/15 mp.
You can't see any susceptible monsters within range! (Use Z to cast anyway.)
You can't see any susceptible monsters within range! (Use Z to cast anyway.)
Okay, then.
Unknown command.
d - 6 rations (gained 1) Partly explored, unvisited transporter and can't reach some items and places.
Partly explored, unvisited transporter and can't reach some items and places.
MP restored: 15 Partly explored, unvisited transporter and can't reach some items and places.
You see here a +0 club.
There is a stone staircase leading up here.
Azzok's ghost turns its malevolent gaze towards you.
Amnesiac's ghost turns its malevolent gaze towards you.
Goblin1989's ghost turns its malevolent gaze towards you.
Azzok's ghost whispers, "There is no future for you."
Here: Azzok's ghost (fire blocked by a runed translucent door)
The floor.
(D) Dungeon
Where to? (Enter - D:3 @ (x,y), ? - help) Azzok's ghost wails.
Amnesiac's ghost keens inconsolably.
There is a stone staircase leading down here.
You climb downwards.
Found four items.
Found a bloodstained altar of Trog.
There is a stone staircase leading up here.
You now have 122 gold pieces (gained 9).
There is a bloodstained altar of Trog here.
Things that are here:
a glowing dagger; an animal skin
q - a fizzy inky potion
As you read the scroll of identify, it crumbles to dust.
l - 2 scrolls of remove curse
Found a stone staircase leading up.
There is a stone staircase leading up here.
q - 3 fizzy inky potions (gained 2)
An ogre comes into view. It is wielding a +0 giant club.
The ogre shouts!
An ogre is nearby!
Aim: an ogre, wielding a +0 giant club The magic dart hits the ogre.
You now have 14/15 mp.
Aim: an ogre, wielding a +0 giant club (lightly wounded)
The magic dart hits the ogre.
You now have 13/15 mp.
Aim: an ogre, wielding a +0 giant club (moderately wounded)
The magic dart hits the ogre.
You now have 12/15 mp.
Aim: an ogre, wielding a +0 giant club (heavily wounded)
The ball explodes into a vile cloud!
The stinking cloud engulfs the ogre but does no damage.
You hear a shout!
The ogre is engulfed in noxious fumes.
You now have 9/15 mp.
Aim: an ogre, wielding a +0 giant club (noxious fumes, heavily wounded)
The magic dart hits the ogre.
The ogre is engulfed in noxious fumes.
You now have 8/15 mp.
Aim: an ogre, wielding a +0 giant club (heavily wounded)
The magic dart hits the ogre!
The ogre hits you with a +0 giant club!!
Ouch! That really hurt!
You die...

#.# #.....#
###.#####.###.....#
.................#
#.#####.###.....#
#..####.# #.....# .
#..#.<.# #.....#
... #...### ##..###
..=☼.#...# #.##
....○○O@.# ##.#
...○○.##...# #..#
##.#.. ###.#
#.###### #...
....###.##...## ##.
..........._..# ..
.....[........#
..............#
.......<......#
...........####


You could see an ogre.

Vanquished Creatures
  A hound (D:3)
  4 adders
  A worm (D:2)
  A dart slug (D:2)
  2 leopard geckos
  3 orcs (D:3)
  5 bats
  5 goblins
  4 hobgoblins
  7 jackals (D:3)
  13 kobolds
  A quokka (D:3)
  5 frilled lizards (D:2)
  3 rats
55 creatures vanquished.

Vanquished Creatures (collateral kills)
  A hobgoblin (D:3)
  A rat (D:3)
2 creatures vanquished.

Vanquished Creatures (others)
  3 withered plants (D:3)
3 creatures vanquished.

Grand Total: 60 creatures vanquished

Notes
Turn   | Place    | Note
-------+----------+-------------------------------------------
     0 | D:1      | mhoghedin the Deep Elf Wizard began the quest for the Orb.
     0 | D:1      | Reached XP level 1. HP: 10/10 MP: 7/7
   149 | D:1      | Reached skill level 5 in Spellcasting
   242 | D:1      | Reached XP level 2. HP: 13/15 MP: 2/10
   619 | D:2      | Found a deep blue altar of Sif Muna.
   646 | D:2      | Reached XP level 3. HP: 17/19 MP: 2/12
   696 | D:2      | Became a worshipper of Sif Muna the Loreminder
   714 | D:2      | Reached skill level 6 in Spellcasting
   875 | D:2      | Found an iron altar of Okawaru.
  1126 | D:2      | Learned a level 2 spell: Blink
  1129 | D:2      | Learned a level 2 spell: Call Imp
  1133 | D:2      | Learned a level 3 spell: Conjure Flame
  1137 | D:2      | Learned a level 3 spell: Mephitic Cloud
  1140 | D:2      | Learned a level 2 spell: Slow
  1222 | D:2      | Noticed Sigmund
  1427 | D:3      | Found a runed translucent gate.
  1427 | D:3      | Found a runed translucent gate.
  1427 | D:3      | Found a runed translucent gate.
  1427 | D:3      | Noticed Azzok's ghost (amateur FoFi)
  1427 | D:3      | Noticed Goblin1989's ghost (amateur GnWn)
  1427 | D:3      | Noticed Amnesiac's ghost (weakling MfSk)
  1478 | D:3      | Found a burning altar of Makhleb.
  1482 | D:3      | Reached skill level 7 in Spellcasting
  1482 | D:3      | Reached XP level 4. HP: 22/24 MP: 4/15
  1922 | D:3      | Found a transporter.
  1922 | D:3      | Noticed a two-headed ogre
  1925 | D:3      | Noticed a hungry ghost
  1928 | D:3      | Found an ancient bone altar of Kikubaaqudgha.
  2098 | D:3      | Reached skill level 2 in Conjurations
  2101 | D:3      | Found a transporter.
  2448 | D:4      | Found a bloodstained altar of Trog.
  2477 | D:4      | Noticed an ogre
  2483 | D:4      | Slain by an ogre

Levels and vault maps discovered:
D:1:      eino_arrival_water_star, layout_basic, minmay_misc_feat_enclosed,
          grunt_decor_one_mirror
D:2:      layout_loops_corners, nicolae_overflow_crystal_walls,
          dk_noncrumbling_2, okawaru_trees_1, uniq_sigmund
D:3:      layout_loops_ring, gammafunk_temple_overflow_arena,
          makhleb_heckhound_becter, gammafunk_ghost_cemetery, first_ration
D:4:      layout_rooms, grunt_temple_overflow_holy_war, bloody_trog,
          uniq_eustachio

Skill      XL: |  1  2  3  4 |
---------------+-------------+-----
Spellcasting   | 5 7 |  7.3
Conjurations   | 2 |  2.2
Dodging        | |  2.4
Stealth        | |  2.4
Summonings     | |  1.1
Translocations | |  1.1

Action                   |  1- 3 |  4- 6 || total
-------------------------+-------+-------++-------
Melee: Hand axe          |     4 |     7 ||    11
 Cast: Magic Dart        |    90 |    66 ||   156
       Call Imp          |     2 |       ||     2
       Mephitic Cloud    |       |     1 ||     1
  Use: Scroll            |       |     4 ||     4
  Eat: Chunk             |     1 |       ||     1
       Ration            |       |     1 ||     1
Armor: Robe              |     4 |     4 ||     8
Dodge: Dodged            |    21 |    18 ||    39

Table legend:
 A = Non-vault XP
 B = Vault XP
 C = Vault XP percentage of total XP
 D = Non-vault monster count
 E = Vault monster count
 F = Vault count percentage of total count
                 A         B        C        D         E       F
            +---------+---------+-------+---------+---------+-------
      Total |     145 |      40 |  21.6 |      56 |       1 |   1.8
            +---------+---------+-------+---------+---------+-------
        D:1 |      16 |       0 |   0.0 |      11 |       0 |   0.0
        D:2 |      55 |       0 |   0.0 |      18 |       0 |   0.0
        D:3 |      74 |      40 |  35.1 |      27 |       1 |   3.6
            +---------+---------+-------+---------+---------+-------

Levels and vault maps discovered:
D:1:      eino_arrival_water_star, layout_basic, minmay_misc_feat_enclosed,
          grunt_decor_one_mirror
D:2:      layout_loops_corners, nicolae_overflow_crystal_walls,
          dk_noncrumbling_2, okawaru_trees_1, uniq_sigmund
D:3:      layout_loops_ring, gammafunk_temple_overflow_arena,
          makhleb_heckhound_becter, gammafunk_ghost_cemetery, first_ration
D:4:      layout_rooms, grunt_temple_overflow_holy_war, bloody_trog,
          uniq_eustachio

Table legend:
 A = Turns spent in this place as a percentage of turns spent in the entire game.
 B = Non-inter-level travel turns spent in this place as a percentage of non-inter-level travel turns spent in the entire game.
 C = Inter-level travel turns spent in this place as a percentage of turns spent in this place.
 D = Turns resting spent in this place as a percentage of non-inter-level travel turns spent in this place.
 E = Turns spent auto-exploring this place as a percentage of non-inter-level travel turns spent in this place.
 F = Non-inter-level travel turns spent in this place divided by the number of levels of this place that you've seen.
                   A       B       C       D       E      F
               +-------+-------+-------+-------+-------+----------------------
         Total | 100.0 | 100.0 |   3.9 |  31.5 |  53.3 | 596.8
       Dungeon | 100.0 | 100.0 |   3.9 |  31.5 |  53.3 | 596.8
               +-------+-------+-------+-------+-------+----------------------

Table legend:
 A = Kills in this place as a percentage of kills in entire the game.
 B = Kills by you in this place as a percentage of kills by you in the entire game.
 C = Kills by friends in this place as a percentage of kills by friends in the entire game.
 D = Other kills in this place as a percentage of other kills in the entire game.
 E = Experience gained in this place as a percentage of experience gained in the entire game.
 F = Experience gained in this place divided by the number of levels of this place that you have seen.
                   A       B       C       D       E      F
               +-------+-------+-------+-------+-------+----------------------
         Total | 100.0 | 100.0 | 100.0 |   N/A | 100.0 |  46.2
       Dungeon | 100.0 | 100.0 | 100.0 |   N/A | 100.0 |  46.2
               +-------+-------+-------+-------+-------+----------------------
